Map: 深海暗礁 - 天梯版

Players

Raze

  • Race: Terran Terran
  • Spawn Location: 11:00

TooDming - Winner!

  • Race: Zerg Zerg
  • Spawn Location: 5:00

Event: WCS Austin 2017

VOD

Have the link to the VOD?

Description

Time

  • Played on: April 28, 2017, 2:18 p.m.
  • Length: 3:55

All games in this series

Show
View Real Time Build Order
Export as new Build Order

Raze Terran 

Build Orders:  

Get SALT Encoding   

  12  0:00  SCV  
  13  0:13  SCV  
  14  0:17  Supply Depot  
  14  0:25  SCV  
  15  0:29  Refinery  
  15  0:38  SCV  
  16  0:45  Barracks  
  16  0:51  SCV  
  17  1:03  SCV  
  18  1:15  SCV  
  19  1:31  Orbital Command  
  19  1:32  Barracks Reactor  
  19  1:43  Command Center  
  19  1:54  Factory  
  19  1:57  SCV  
  20  2:05  Supply Depot  
  20  2:08  Marine  
  20  2:10  Marine  
  20  2:13  SCV  
  23  2:18  Refinery  
  23  2:26  Marine  
  23  2:27  SCV  
  23  2:28  Marine  
  26  2:39  SCV  
  26  2:40  Starport  
  26  2:43  Factory Reactor  
  27  2:50  Marine  
  27  2:51  SCV  
  28  3:11  Marine x2  
  28  3:12  Orbital Command  
  29  3:13  SCV  
  30  3:25  SCV  
  31  3:28  Marine x2  
  39  3:36  Supply Depot  
  39  3:39  SCV  
  40  3:42  SCV  
Show
View Real Time Build Order
Export as new Build Order

TooDming Zerg - Winner!

Build Orders: Hatch First 

Get SALT Encoding   

  12  0:00  Drone  
  13  0:12  Overlord  
  14  0:21  Drone  
  14  0:32  Drone x2  
  14  0:35  Drone  
  17  0:53  Hatchery  
  17  0:55  Drone  
  17  0:58  Drone  
  18  1:09  Extractor  
  17  1:13  Spawning Pool  
  17  1:18  Drone  
  17  1:20  Drone  
  18  1:28  Drone  
  19  1:38  Overlord  
  19  2:00  Queen, Zergling x4  
  23  2:05  Queen  
  23  2:06  Zergling x2  
  26  2:09  Metabolic Boost  
  26  2:12  Drone  
  27  2:18  Drone  
  28  2:25  Drone  
  28  2:29  Drone  
  30  2:37  Hatchery  
  29  2:44  Drone  
  29  2:46  Overlord  
  30  2:53  Zergling x4  
  30  2:54  Zergling x2  
  33  3:03  Zergling x2  
  34  3:05  Zergling x2  
  34  3:08  Zergling x2  
  34  3:11  Zergling x6  
  36  3:13  Zergling x4  
  36  3:15  Zergling x2  
  36  3:18  Zergling x2  
  40  3:23  Overlord  
  42  3:36  Drone x2  
  44  3:42  Drone x2  
Tags
 
Add a new tag
Caveats
  • Supply blocks, unpowered buildings, or Contaminate may cause inaccurate times.
  • Supply counts are checked every 10 seconds.